 Dungeon Crawl Stone Soup version 0.32-a0-975-g85d4e5bfdb (webtiles) character file.

Game seed: 13460975432272688913

826 Autsider the Sneak (level 7, -3/37 HPs)
             Began as a Vine Stalker Warper on Apr 18, 2024.
             Slain by an ogre
             ... wielding a +0 giant club
              (13 damage)
             ... on level 5 of the Dungeon.
             The game lasted 00:07:18 (3308 turns).

Autsider the Sneak (Vine Stalker Warper)            Turns: 3308, Time: 00:07:18

Health: -3/37      AC: 12    Str: 14    XL:     7   Next: 96%
Magic:  0/14       EV:  6    Int: 10    God:
Gold:   223        SH:  0    Dex: 15    Spells: 10/14 levels left

rFire   + + .        m - +0 rapier
rCold   + + +        (no shield)
rNeg    . . .        k - +0 chain mail of Valour {rElec rF++ rC+++ Int-3}
rPois   .            (no helmet)
rElec   +            (no cloak)
rCorr   .            l - +2 pair of gloves
SInv    .            r - +0 pair of boots
Will    .....        (no amulet) Stlth
                     (no ring)
HPRegen 1.06/turn    (no ring)
MPRegen 0.14/turn

%: guardian spirit
@: no status effects
A: fangs 2, regeneration 1, magic shield, antimagic bite, no potion heal 2
a: no special abilities


You were on level 5 of the Dungeon.
You visited 1 branch of the dungeon, and saw 5 of its levels.

You collected 223 gold pieces.

Inventory:

Hand Weapons
 m - a +0 rapier (weapon)
Missiles
 d - 6 darts of dispersal (quivered)
Armour
 b - a +0 leather armour
 k - the +0 chain mail of Valour (worn) {rElec rF++ rC+++ Int-3}
   (You found it on level 2 of the Dungeon)

   Int-3:     It affects your intelligence (-3).
   rF++:      It greatly protects you from fire.
   rC+++:     It renders you almost immune to cold.
   rElec:     It insulates you from electricity.
 l - a +2 pair of gloves (worn)
 r - a +0 pair of boots (worn)
Wands
 n - a wand of quicksilver (13)
 p - a wand of mindburst (20)
Scrolls
 c - 5 scrolls of blinking
 i - a scroll of amnesia
 j - a scroll of vulnerability
 o - a scroll of teleportation {@r2}
 q - a scroll of acquirement {unknown}
Potions
 a - 2 potions of attraction {unknown}
 e - a potion of brilliance {unknown}
 f - 3 potions of curing
 g - a potion of mutation {unknown}
 h - 2 potions of heal wounds {unknown}


   Skills:
 + Level 3.7 Fighting
 + Level 3.8 Short Blades
 - Level 0.8 Throwing
 - Level 0.7 Armour
 + Level 3.4 Dodging
 + Level 4.5 Stealth
 - Level 4.0 Spellcasting
 - Level 4.0 Translocations


You had 10 spell levels left.
You knew the following spells:

 Your Spells              Type           Power      Damage    Failure   Level
a - Lesser Beckoning      Tloc           20%        N/A       80%         2
z - Blink                 Tloc           20%        N/A       80%         2

Your spell library contained the following spells:

 Spells                   Type           Power      Damage    Failure   Level
 Maxwell's Portable Pile  Tloc           10%        2d(6-16)  95%         3
 Teleport Other           Tloc           10%        N/A       95%         3
 Vhi's Electric Charge    Tloc/Air       12%        N/A       100%        4


Dungeon Overview and Level Annotations

Branches:
Dungeon (5/15)
 Temple: D:4-7

Altars:

Shops:
D:2 [


Innate Abilities, Weirdness & Mutations

You have extremely sharp teeth.
Your natural rate of healing is unusually fast.
When hurt, damage is shared between your health and your magic reserves.
Your bite disrupts and absorbs the magic of your enemies.
Potions cannot restore your health.


Message History

You hit the ogre.
The ogre is moderately wounded.
You hit the ogre.
The ogre is moderately wounded.
The ogre barely misses you.
You hit the ogre. You bite the ogre. You drain its power.
You feel invigorated.
The ogre is heavily wounded.
The ogre hits you with a +0 giant club!
You are too injured to fight recklessly!
You are too injured to fight recklessly!
You are too injured to fight recklessly!
You are too injured to fight recklessly!
You are too injured to fight recklessly!
You are too injured to fight recklessly!
You are too injured to fight recklessly!
You are too injured to fight recklessly!
You are too injured to fight recklessly!
You are too injured to fight recklessly!
You are too injured to fight recklessly!
You are too injured to fight recklessly!
You hit the ogre. You bite the ogre. You drain its power.
You feel invigorated.
The ogre is heavily wounded.
You barely miss the ogre.
The ogre is heavily wounded.
The ogre hits you with a +0 giant club!
* * * LOW HITPOINT WARNING * * *
You hit the ogre but do no damage. You bite the ogre. You drain its power.
You feel invigorated.
The ogre is severely wounded.
The ogre barely misses you.
You barely miss the ogre.
The ogre is severely wounded.
You hit the ogre. You bite the ogre. You drain its power.
The ogre is almost dead.
The ogre hits you with a +0 giant club!!
* * * LOW HITPOINT WARNING * * *
You hit the ogre. Your bite misses the ogre.
The ogre is almost dead.
The ogre hits you with a +0 giant club!!
You die...

#####.#### # ##
.######.........
.#.
................
.#.
.###.#.<###.####
.. ##.#..# #.#
##.##... #..# #.#
#
#.####...#.##.#..#
#.# #
.......#O.....#..#
#.#### #..@# #..#
#.##.. ##.## ....
...... #.# #..#
##.#.. #.# ###
#######.# # #.
#.......# # #.
#.####### #. #.#
#.## #.#


You could see an ogre.

Vanquished Creatures
  Sigmund (D:4)
  2 black bears
  An ogre (D:4)
  2 bombardier beetles
  3 hounds
  2 jellies (D:5)
  An orc wizard (D:3)
  3 adders
  5 dart slugs
  2 ribbon worms
  10 orcs
  8 bats
  4 endoplasms
  2 giant cockroaches
  16 goblins
  7 hobgoblins
  17 jackals
  5 kobolds
  3 quokkas
  9 ball pythons
  2 frilled lizards (D:1)
  3 rats
108 creatures vanquished.

Notes
Turn   | Place    | Note
-------+----------+-------------------------------------------
     0 | D:1      | Autsider the Vine Stalker Warper began the quest for the
                  | Orb.
     0 | D:1      | Reached XP level 1. HP: 11/11 MP: 4/4
    54 | D:1      | Reached XP level 2. HP: 15/15 MP: 6/6
   429 | D:1      | Found a faded altar of an unknown god.
   500 | D:1      | Reached skill level 1 in Stealth
   546 | D:1      | Reached XP level 3. HP: 18/18 MP: 7/7
  1051 | D:2      | Reached XP level 4. HP: 23/23 MP: 7/9
  1149 | D:2      | Found Hogaima's Antique Armour Emporium.
  1157 | D:2      | Identified the +0 chain mail of Valour {rElec rF++ rC+++
                  | Int-3}
  1173 | D:2      | Learned a level 2 spell: Blink
  1176 | D:2      | Learned a level 2 spell: Lesser Beckoning
  1542 | D:3      | Reached XP level 5. HP: 27/27 MP: 10/10
  1799 | D:3      | Noticed an ogre
  2136 | D:4      | Noticed a black bear
  2151 | D:4      | Killed a black bear
  2152 | D:4      | Reached XP level 6. HP: 17/32 MP: 6/11
  2296 | D:4      | Noticed Sigmund
  2346 | D:4      | Killed Sigmund
  2347 | D:4      | Reached XP level 7. HP: 36/36 MP: 11/13
  2965 | D:5      | Entered Level 5 of the Dungeon
  3308 | D:5      | Slain by an ogre

Illustrated notes

Levels and vault maps discovered:
D:1:      shiori_arrival_maze, layout_basic, ebering_ecumenical_altar_ruins
D:2:      layout_loops_cross, serial_shops, nicolae_lakefront_shop
D:3:      layout_rooms, minmay_ogre_servants
D:4:      layout_gridville, kennysheep_doodads, uniq_sigmund
D:5:      kennysheep_spiral_hall, layout_loops_ring, serial_shops, shop

Skill      XL: |  1  2  3  4  5  6  7 |
---------------+----------------------+-----
Short Blades   | 2 3 |  3.8
Fighting       | 2 3 |  3.7
Stealth        | 1 2 3 4 |  4.5
Dodging        | 2 3 |  3.4
Spellcasting   | 3 4 |  4.0
Translocations | 4 |  4.0
Throwing       | |  0.8
Armour         | |  0.7

Action                     |  1- 3 |  4- 6 |  7- 9 || total
---------------------------+-------+-------+-------++-------
  Melee: Short sword       |   130 |    42 |       ||   172
         Bite              |    36 |    64 |    50 ||   150
         Rapier            |       |   156 |   149 ||   305
  Throw: Dart              |       |     1 |       ||     1
    Use: Scroll            |       |     3 |     1 ||     4
   Stab: Sleeping          |     3 |       |       ||     3
 Armour: Leather armour    |    70 |       |       ||    70
         Chain mail        |       |   174 |   141 ||   315
  Dodge: Dodged            |    72 |    76 |    69 ||   217

Table legend: (Time is in decaauts)
 A = Elapsed time spent in this place.
 B = Non-inter-level travel time spent in this place.
 C = Inter-level travel time spent in this place.
 D = Time resting spent in this place.
 E = Time spent auto-exploring this place.
 F = Levels seen in this place.
 G = Mean time per level.
                   A        B        C        D        E       F      G
               +--------+--------+--------+--------+--------+-----+--------+
         Total |   3303 |   3083 |    220 |     21 |   2166 |   5 |  660.6 |
       Dungeon |   3303 |   3083 |    220 |     21 |   2166 |   5 |  660.6 |
               +--------+--------+--------+--------+--------+-----+--------+

Top non-repeatable levels by time:
     D:4: 908 daAuts
     D:2: 720 daAuts
     D:3: 718 daAuts
     D:1: 611 daAuts
     D:5: 343 daAuts
